 Dungeon Crawl Stone Soup version 0.30.0-29-ga12c61a403 (webtiles) character file.

Game seed: 11457171070229029805

1630 bmack86 the Cleaver (level 8, -4/64 HPs)
             Began as a Minotaur Fighter on June 21, 2023.
             Was an Initiate of Gozag.
             Slain by an ogre
             ... wielding a +0 giant club
              (12 damage)
             ... on level 6 of the Dungeon.
             The game lasted 00:12:10 (5211 turns).

bmack86 the Cleaver (Minotaur Fighter)              Turns: 5211, Time: 00:12:11

Health: -4/64      AC: 11    Str: 28    XL:     8   Next: 65%
Magic:  7/7        EV:  7    Int:  5    God:    Gozag
Gold:   293        SH:  4    Dex: 11    Spells: 7/7 levels left

rFire   . . .        q - +1 broad axe (freeze)
rCold   + . .        c - +0 buckler
rNeg    . . .        w - +0 plate armour
rPois   .            (helmet restricted)
rElec   .            (no cloak)
rCorr   .            (no gloves)
SInv    .            (no boots)
Will    .....        (no amulet) Stlth
                     r - +6 ring of strength
HPRegen 0.30/turn    o - ring of protection from cold
MPRegen 0.10/turn

%: no passive effects
@: gold aura
A: horns 2, retaliatory headbutt
a: Renounce Religion, Potion Petition, Call Merchant, Bribe Branch


You were on level 6 of the Dungeon.
You worshipped Gozag.
Gozag was aware of your devotion.
You visited 2 branches of the dungeon, and saw 7 of its levels.

You collected 369 gold pieces.
You paid 76 gold pieces to Gozag.

Inventory:

Hand Weapons
 a - a +0 war axe
 q - a +1 broad axe of freezing (weapon)
Missiles
 u - 5 boomerangs (quivered)
Armour
 b - a +0 scale mail
 c - a +0 buckler (worn)
 e - a +1 chain mail
 w - a +0 plate armour (worn)
Jewellery
 f - a ring of magical power
 o - a ring of protection from cold (right hand)
 r - a +6 ring of strength (left hand)
 v - a ring of positive energy
Wands
 p - a wand of digging (8)
Scrolls
 h - a scroll of fog
 i - a scroll of vulnerability
 s - a scroll of brand weapon
Potions
 d - 2 potions of might
 g - 2 potions of curing
 k - 2 potions of cancellation
 l - 2 potions of ambrosia
 n - a potion of mutation
 t - a potion of flight {unknown}
 x - a potion of heal wounds {unknown}


   Skills:
 - Level 3.6 Fighting
 + Level 13.2 Axes
 - Level 3.6 Armour
 - Level 3.6 Shields


You had 7 spell levels left.
You didn't know any spells.
Your spell library contained the following spells:

 Spells                   Type           Power      Damage    Failure   Level
 Freeze                   Ice            0%         1d3       100%        1
 Cigotuvi's Dreadful Rot  Necr/Pois/Air  0%         N/A       100%        2
 Lesser Beckoning         Tloc           0%         N/A       100%        2
 Frozen Ramparts          Ice            0%         1d1       100%        3
 Gell's Gravitas          Tloc           0%         N/A       100%        3
 Hailstorm                Conj/Ice       0%         3d3       100%        3
 Ignite Poison            Fire/Tmut/Pois 0%         N/A       100%        3
 Teleport Other           Tloc           0%         N/A       100%        3
 Vhi's Electric Charge    Tloc/Air       0%         N/A       100%        3
 Arcjolt                  Conj/Air       0%         1d10      100%        5
 Freezing Cloud           Conj/Ice/Air   0%         6-21      100%        5
 Plasma Beam              Fire/Air       0%         2x1d11    100%        6


Dungeon Overview and Level Annotations

Branches:
Dungeon (6/15)             Temple (1/1) D:5

Altars:
Ashenzari
Cheibriados
Dithmenos
Elyvilon
Fedhas
Gozag
Hepliaklqana
Kikubaaqudgha
Makhleb
Nemelex Xobeh
Okawaru
Qazlal
Ru
Sif Muna
Trog
Uskayaw
Vehumet
Xom
Yredelemnul
Zin
The Shining One

Shops:
D:6 [

Annotations:
D:6 2 transporters, safid's ghost, novice MfIE


Innate Abilities, Weirdness & Mutations

You have a pair of horns on your head.
You reflexively headbutt those who attack you in melee.


Message History

Your extra speed is starting to run out.
You feel yourself slow down.
HP restored.
There is an open door here.
There is an open door here.
The gnoll shouts!
You hear a shout!
The gnoll shouts!
You hear a shout!
An ogre comes into view. It is wielding a +0 giant club.
The ogre shouts!
The gnoll hits you with a +0 spear. The gnoll barely misses you.
You hit the gnoll. You freeze the gnoll. You headbutt the gnoll!
You kill the gnoll!
The gnoll hits you from afar with a +0 halberd!
The gnoll hits you with a +0 halberd.
Things that are here:
11 gold pieces; a +0 spear You barely miss the gnoll.
You headbutt the gnoll!
The gnoll is severely wounded.
The gnoll hits you with a +0 halberd.
You slash the gnoll! You freeze the gnoll.
You kill the gnoll!
You barely miss the ogre.
The ogre is distracted by your dazzling golden aura.
The ogre shouts!
You hit the ogre. You freeze the ogre.
The ogre is no longer distracted by gold.
The ogre is moderately wounded.
The ogre hits you with a +0 giant club!
You closely miss the ogre.
The ogre is moderately wounded.
You slash the ogre! You freeze the ogre.
The ogre is severely wounded.
The ogre hits you with a +0 giant club!!
* * * LOW HITPOINT WARNING * * *
You hit the ogre. You freeze the ogre.
You headbutt the ogre, but do no damage.
The ogre is almost dead.
The ogre hits you with a +0 giant club!
You die...
Your body crumbles into a pile of gold.

#.#.#.# #.# #.# #.. #.#.#.#
#####.####.# #.# #>..#.#
#..........# #.# #'###.#
#.....##.### #.# ......#
#..#####.# #.# ....### #..#####.#
#.# # .....## #........#
#####.######.
......####...########.........#..
......'.........@O...........gg.g
......####...#####.........##g#..
.....## ##..[# #.##.###..##$# g
....## ###.# #.##>.....##$# ...##
#.# #.##..###.##.# #'## #.#
#.##..# #.##.# #.# #.# #.##..#
#.##.# #.##### #.# #...... .. ..#
......# #.# #####.# ....


You could see an ogre.

Vanquished Creatures
  Eustachio (D:4)
  A water moccasin (D:6)
  A black bear (D:5)
  An ice beast (D:5)
  A centaur (D:5)
  A phantom (D:5)
  A gnoll sergeant (D:6)
  A scorpion (D:5)
  A howler monkey (D:6)
  3 hounds
  3 jellies
  A gnoll bouda (D:6)
  4 orc priests
  4 iguanas
  3 sleepcaps
  Natasha (D:4)
  2 orc wizards
  11 adders
  10 gnolls
  A white imp (D:5)
  2 worms
  A dart slug (D:5)
  17 orcs
  9 ball pythons
  6 endoplasms
  A giant cockroach (D:1)
  7 goblins
  3 hobgoblins
  4 jackals (D:4)
  6 quokkas
  4 bats
  2 frilled lizards (D:1)
  7 kobolds
  5 rats
126 creatures vanquished.

Notes
Turn   | Place    | Note
-------+----------+-------------------------------------------
     0 | D:1      | bmack86 the Minotaur Fighter began the quest for the Orb.
     0 | D:1      | Reached XP level 1. HP: 19/19 MP: 0/0
    97 | D:1      | Reached skill level 3 in Axes
   185 | D:1      | Reached XP level 2. HP: 23/26 MP: 1/1
   652 | D:2      | Reached skill level 4 in Axes
   679 | D:2      | Reached XP level 3. HP: 31/31 MP: 2/2
   691 | D:2      | Found a hide-covered altar of Uskayaw.
   815 | D:2      | Reached skill level 5 in Axes
  1022 | D:2      | Reached XP level 4. HP: 39/39 MP: 3/3
  1040 | D:2      | Identified the +0 robe "Fiujid" {rElec rF+ Regen+ Int+2}
  1760 | D:3      | Reached skill level 6 in Axes
  2064 | D:3      | Reached XP level 5. HP: 45/45 MP: 4/4
  2189 | D:4      | Noticed Eustachio
  2198 | D:4      | Killed Eustachio
  2199 | D:4      | Reached skill level 7 in Axes
  2199 | D:4      | Reached XP level 6. HP: 41/51 MP: 5/5
  2382 | D:4      | Reached skill level 8 in Axes
  2610 | D:4      | Reached skill level 9 in Axes
  2761 | D:4      | Noticed Natasha
  2764 | D:4      | Killed Natasha
  2765 | D:4      | Reached XP level 7. HP: 57/57 MP: 6/6
  3073 | D:5      | Entered Level 5 of the Dungeon
  3110 | D:5      | Reached skill level 10 in Axes
  3388 | D:5      | Found a glowing silver altar of Zin.
  3388 | D:5      | Found a sparkling altar of Nemelex Xobeh.
  3389 | D:5      | Found a hide-covered altar of Uskayaw.
  3420 | D:5      | Reached skill level 11 in Axes
  3433 | D:5      | Reached XP level 8. HP: 27/64 MP: 7/7
  4003 | D:5      | Found a staircase to the Ecumenical Temple.
  4022 | D:5      | Reached skill level 12 in Axes
  4025 | Temple   | Entered the Ecumenical Temple
  4031 | Temple   | Became a worshipper of Gozag Ym Sagoz the Greedy
  4544 | D:6      | Found Bog Ycig's Antique Armour Emporium.
  4597 | D:6      | Found a transporter.
  4612 | D:6      | Found a transporter.
  4620 | D:6      | Noticed safid's ghost (novice MfIE)
  4961 | D:6      | Reached skill level 13 in Axes
  5211 | D:6      | Slain by an ogre

Illustrated notes

Levels and vault maps discovered:
D:1:      sevenhm_arrival_forest_fort_small_5, layout_basic,
          minmay_misc_feat_cross, nicolae_concentric_dashed_squares_wild
D:2:      layout_basic, basic_altar
D:3:      layout_basic
D:4:      layout_basic, uniq_eustachio, uniq_natasha
D:5:      minmay_evil_eye, layout_loops_ring, gammafunk_temple_overflow_claw,
          minmay_temple_entry_nine_rooms
D:6:      layout_loops_corners, serial_shops, nicolae_shop_just_a_little_nook,
          gammafunk_ghost_stat_death
Temple:   regret_index_temple_chain_breaker

Skill      XL: |  1  2  3  4  5  6  7  8 |
---------------+-------------------------+-----
Axes           | 3 4 5 6 7 9 11 13 | 13.2
Fighting       | |  3.6
Armour         | |  3.6
Shields        | |  3.6

Action                     |  1- 3 |  4- 6 |  7- 9 || total
---------------------------+-------+-------+-------++-------
  Melee: War axe           |    69 |    33 |       ||   102
         Headbutt          |     9 |    15 |    26 ||    50
         Broad axe         |       |    77 |   129 ||   206
  Throw: Boomerang         |       |       |     2 ||     2
    Use: Scroll            |       |    11 |     5 ||    16
         Potion            |       |       |     1 ||     1
 Armour: Scale mail        |    42 |    30 |       ||    72
         Chain mail        |       |    24 |    33 ||    57
         Plate armour      |       |       |    11 ||    11
  Dodge: Dodged            |    36 |    52 |    45 ||   133
  Block: Buckler           |    11 |    36 |    43 ||    90
